 Dungeon Crawl Stone Soup version 0.21-a0-125-gb006224 (webtiles) character file.

410 MackTheKnife the Chopper (level 6, -6/55 HPs)
             Began as a Deep Dwarf Wanderer on July 14, 2017.
             Was an Initiate of Makhleb.
             Mangled by an ogre
             ... wielding a +0 giant spiked club
              (13 damage)
             ... on level 4 of the Dungeon.
             The game lasted 00:06:45 (3082 turns).

MackTheKnife the Chopper (Deep Dwarf Wanderer)      Turns: 3082, Time: 00:06:46

Health: -6/55      AC: 10    Str: 18    XL:     6   Next: 58%
Magic:  8/8        EV:  6    Int: 12    God:    Makhleb [......]
Gold:   248        SH:  0    Dex: 12    Spells: 7/8 levels left

rFire    . . .     SeeInvis .   t - +0 war axe
rCold    . . .     Gourm    .   (no shield)
rNeg     . . .     Faith    .   v - +0 chain mail
rPois    .         Spirit   .   h - +0 helmet
rElec    .         Reflect  .   o - +0 cloak
rCorr    .         Harm     .   (no gloves)
MR       .....                  (no boots)
Stlth    ..........             (no amulet)
HPRegen  0.00/turn              (no ring)
MPRegen  0.11/turn              (no ring)

@: about to teleport, non-regenerating
A: damage resistance, heal wounds, sense surroundings 1, no regeneration
a: Heal Wounds, Renounce Religion


You were on level 4 of the Dungeon.
You worshipped Makhleb.
Makhleb was noncommittal.
You were hungry.

You visited 1 branch of the dungeon, and saw 4 of its levels.

You collected 248 gold pieces.

Inventory:

Hand Weapons
 m - a +0 hand axe
   (You found it on level 1 of the Dungeon)
 t - a +0 war axe (weapon)
   (You found it on level 2 of the Dungeon)
Armour
 h - a +0 helmet (worn)
   (You found it on level 1 of the Dungeon)
 o - a +0 cloak (worn)
   (You found it on level 1 of the Dungeon)
 v - a +0 chain mail (worn)
   (You found it on level 2 of the Dungeon)
Wands
 l - a wand of flame (9/48)
   (You took it off Ijyb on level 2 of the Dungeon)
Scrolls
 c - 3 scrolls of teleportation
 e - a scroll of enchant weapon {unknown}
 g - a scroll of enchant armour {unknown}
 j - a scroll of immolation {unknown}
 k - a scroll of amnesia {unknown}
 p - 2 scrolls of remove curse {unknown}
 r - 2 scrolls of identify {unknown}
 w - a scroll of random uselessness {unknown}
Potions
 i - 2 potions of brilliance {unknown}
 q - a potion of agility
 s - a potion of might {unknown}
 u - a potion of haste
 x - a potion of magic {unknown}
Books
 a - a book of Flames
 b - the Grimoire of the Traveller

   Spells                             Type                      Level
   a - Apportation                    Translocation                1
   b - Lesser Beckoning               Translocation                3
Comestibles
 d - 2 meat rations {@e2}
 f - 3 bread rations {@e1}
 n - 4 royal jellies
 z - 2 chunks of flesh {@w0}


   Skills:
 - Level 2.4 Fighting
 + Level 7.0(7.1) Axes
   Level 1.0(3.7) Polearms
 - Level 1.2 Stealth
 - Level 1.7 Spellcasting
 - Level 2.6 Fire Magic
 - Level 1.3 Evocations


You had 7 spell levels left.
You knew the following spells:

 Your Spells              Type           Power        Failure   Level  Hunger
a - Flame Tongue          Conj/Fire      #....        95%         1    ##.....


Dungeon Overview and Level Annotations

Branches:
Dungeon (4/15)
 Temple: D:4-7

Altars:
Makhleb


Innate Abilities, Weirdness & Mutations

You are resistant to damage.
You can heal yourself by infusing magical energy.
You passively map a small area around you.
You do not regenerate.


Message History

Your base attributes are Str 17, Int 12, Dex 12.
Increase (S)trength, (I)ntelligence, or (D)exterity?
You feel stronger.
Edmund the Younger comes into view.
He is wielding a flail of crushing.
You regained 4 hp, and now have 24/55 hp.
MP restored: 8
Aim: Edmund, wielding a flail of crushing and wearing a ring mail (hasn't noticed you)
The puff of flame misses Edmund.
Edmund shouts!
Evoking this partially-identified wand wasted a few charges.
Aim: Edmund, wielding a flail of crushing and wearing a ring mail The puff of flame hits Edmund.
Evoking this partially-identified wand wasted a few charges.
Aim: Edmund, wielding a flail of crushing and wearing a ring mail (lightly wounded)
The puff of flame misses Edmund.
Evoking this partially-identified wand wasted a few charges.
Aim: Edmund, wielding a flail of crushing and wearing a ring mail (lightly wounded)
The puff of flame misses Edmund.
Evoking this partially-identified wand wasted a few charges.
You hit Edmund but do no damage. You closely miss Edmund.
Edmund hits you with a flail of crushing.
You hit Edmund. You slash Edmund!
Edmund says, "Everyone always remembers my brother. 'Who's Edmund?' they ask!"
Edmund barely misses you.
You hit Edmund but do no damage.
Edmund hits you with a flail of crushing.
You closely miss Edmund. You hit Edmund but do no damage.
Edmund barely misses you.
You slash Edmund! Edmund hits you but does no damage.
You slash Edmund!
Your extra speed is starting to run out.
You closely miss Edmund.
Edmund hits you with a flail of crushing.
You take 4 damage, and have 20/55 hp.
You hit Edmund but do no damage.
Edmund hits you with a flail of crushing.
You closely miss Edmund. You slash Edmund!
You kill Edmund!
Makhleb accepts your kill.
Your Axes skill increases to level 7!
y - a flail of crushing
Things that are here:
a ring mail; a giant spiked club; the human corpse of Edmund You feel yourself slow down.
Drop what? 25/52 slots (_ for help) (? for menu, Esc to quit)
You drop a flail of crushing.
You butcher the human corpse of Edmund.
z - 2 chunks of flesh {@w0}
Items here: )) [ ÷ a flail of crushing; a ring mail; a giant spiked club the human skeleton of Edmund You start waiting.
You feel a little less agile now.
An orc comes into view. It is wielding a hand axe.
The orc shouts!
An orc comes into view.
There are monsters nearby!
There are monsters nearby!
There are monsters nearby!
You are too injured to fight recklessly!
You hit the orc.
You kill the orc!
Makhleb accepts your kill.
Things that are here:
a hand axe; an orc corpse An orc comes into view.
Things that are here:
a hand axe; an orc corpse The orc hits you.
You hit the orc but do no damage. The orc hits you but does no damage.
Your chain mail prevents you from hitting the orc.
The orc closely misses you.
You hit the orc. The orc barely misses you.
You closely miss the orc. The orc hits you but does no damage.
You slash the orc!
You kill the orc!
Makhleb accepts your kill.
Things that are here:
a hand axe; an orc corpse x2
An adder skeleton comes into view.
An adder skeleton is nearby!
An adder skeleton is nearby!
An ogre comes into view. It is wielding a giant spiked club.
You are feeling hungry.
You slash the adder skeleton!
You destroy the adder skeleton!
Makhleb accepts your kill.
You slash the ogre! The ogre barely misses you.
You barely miss the ogre.
The ogre hits you with a giant spiked club!
* * * LOW HITPOINT WARNING * * *
You take 13 damage, and have 7/55 hp.
MASSIVE DAMAGE!!
As you read the scroll of teleportation, it crumbles to dust.
You feel strangely unstable.
The ogre hits you with a giant spiked club!
You die...

** *** *
,,, * * * *
** * * * ,
,, ,, , * ,
* * , * * ,
* ** .♣♣ *
♣♣♣.... **
♣♣♣....♣
♣♣♣.@O♣* *
*
♣♣♣♣....♣♣
,
♣♣♣.....♣♣♣
* ♣....♣♣♣♣
* ♣♣..♣♣♣ *
♣.)♣♣ ,
♣♣..♣♣♣♣ ,
♣ ♣♣....♣ *
♣♣♣♣♣♣
♣...♣♣♣


You could see an ogre.

Vanquished Creatures
  Edmund (D:4)
  An ogre (D:4)
  Ijyb (D:2)
  An iguana (D:4)
  A howler monkey skeleton (D:4)
  4 adders
  An ooze (D:1)
  An adder skeleton (D:4)
  2 worms
  5 leopard geckos
  2 orcs (D:4)
  2 ball pythons
  2 giant cockroaches
  15 goblins
  11 hobgoblins
  6 jackals (D:3)
  2 quokkas (D:3)
  7 bats
  7 frilled lizards
  4 kobolds
  15 rats
91 creatures vanquished.

Notes
Turn   | Place    | Note
-------+----------+-------------------------------------------
     0 | D:1      | MackTheKnife the Deep Dwarf Wanderer began the quest for the Orb.
     0 | D:1      | MackTheKnife set off with: a book of Flames, the Grimoire of the Traveller, a scroll of teleportation, a +0 robe, a +0 club, a bread ration {@e1}
     0 | D:1      | Reached XP level 1. HP: 19/19 MP: 3/3
     0 | D:1      | Identified the Grimoire of the Traveller
     2 | D:1      | Learned a level 1 spell: Flame Tongue
    60 | D:1      | Reached skill level 2 in Fighting
   213 | D:1      | Reached XP level 2. HP: 21/27 MP: 4/4
   357 | D:1      | Reached skill level 1 in Axes
   634 | D:1      | Reached skill level 2 in Axes
   839 | D:1      | Reached XP level 3. HP: 26/33 MP: 0/5
  1206 | D:2      | Noticed Ijyb
  1237 | D:2      | Killed Ijyb
  1237 | D:2      | Reached skill level 3 in Axes
  1237 | D:2      | Reached XP level 4. HP: 21/40 MP: 2/6
  1430 | D:2      | HP: 7/40 [poisoned by a kobold]
  1431 | D:2      | HP: 3/40 [poisoned by a kobold]
  1431 | D:2      | HP: 1/40 [kobold/whip of venom (2)]
  1608 | D:2      | Reached skill level 4 in Axes
  2383 | D:3      | Found a burning altar of Makhleb.
  2393 | D:3      | Became a worshipper of Makhleb the Destroyer
  2521 | D:3      | Reached XP level 5. HP: 26/46 MP: 7/7
  2858 | D:4      | Reached skill level 5 in Axes
  2907 | D:4      | HP: 11/46 [iguana (5)]
  2908 | D:4      | HP: 4/46 [iguana (7)]
  2949 | D:4      | Noticed an ogre
  2972 | D:4      | Killed an ogre
  2972 | D:4      | Reached skill level 6 in Axes
  2972 | D:4      | Reached XP level 6. HP: 24/55 MP: 8/8
  2973 | D:4      | Noticed Edmund
  2989 | D:4      | Killed Edmund
  2989 | D:4      | Reached skill level 7 in Axes
  3081 | D:4      | HP: 7/55 [ogre/giant spiked club (13)]
  3082 | D:4      | Mangled by an ogre

Vault maps used:
D:1:      dpeg_arrival_brainrot, minmay_hexomino_f4
D:2:      kennysheep_the_goblin_king, first_bread, grunt_ministairs_13
D:3:      lemuel_coloured_pillars_altar
D:4:      kb_forest_paths, minmay_misc_feat_alley, nrook_loot_triangle,
          serial_park_tiny_pond, kennysheep_generic_room_12, uniq_edmund

Skill      XL: |  1  2  3  4  5  6 |
---------------+-------------------+-----
Fighting       | 2 |  2.4
Axes           | 2 3 4 6 7 |  7.0
Polearms       | |  1.0
Stealth        | |  1.2
Spellcasting   | |  1.7
Fire Magic     | |  2.6
Evocations     | |  1.3

Action                   |  1- 3 |  4- 6 || total
-------------------------+-------+-------++-------
Melee: Club              |     5 |       ||     5
       Hand axe          |    42 |       ||    42
       War axe           |    19 |   213 ||   232
 Cast: Flame Tongue      |    25 |       ||    25
 Abil: Heal Wounds       |       |     2 ||     2
Evoke: Wand              |       |     4 ||     4
  Use: Potion            |       |     4 ||     4
       Scroll            |       |     1 ||     1
  Eat: Chunk             |     2 |     6 ||     8
Armor: Ring mail         |    28 |       ||    28
       Chain mail        |    11 |   131 ||   142
Dodge: Dodged            |    43 |    80 ||   123
Block: Shield            |       |     5 ||     5

Vault maps used:
D:1:      dpeg_arrival_brainrot, minmay_hexomino_f4
D:2:      kennysheep_the_goblin_king, first_bread, grunt_ministairs_13
D:3:      lemuel_coloured_pillars_altar
D:4:      kb_forest_paths, minmay_misc_feat_alley, nrook_loot_triangle,
          serial_park_tiny_pond, kennysheep_generic_room_12, uniq_edmund

Table legend:
 A = Turns spent in this place as a percentage of turns spent in the entire game.
 B = Non-inter-level travel turns spent in this place as a percentage of non-inter-level travel turns spent in the entire game.
 C = Inter-level travel turns spent in this place as a percentage of turns spent in this place.
 D = Turns resting spent in this place as a percentage of non-inter-level travel turns spent in this place.
 E = Turns spent auto-exploring this place as a percentage of non-inter-level travel turns spent in this place.
 F = Non-inter-level travel turns spent in this place divided by the number of levels of this place that you've seen.
                   A       B       C       D       E      F
               +-------+-------+-------+-------+-------+----------------------
         Total | 100.0 | 100.0 |   0.5 |   0.5 |  10.6 | 284.2
       Dungeon | 100.0 | 100.0 |   0.5 |   0.5 |  10.6 | 284.2
               +-------+-------+-------+-------+-------+----------------------

Table legend:
 A = Kills in this place as a percentage of kills in entire the game.
 B = Kills by you in this place as a percentage of kills by you in the entire game.
 C = Kills by friends in this place as a percentage of kills by friends in the entire game.
 D = Other kills in this place as a percentage of other kills in the entire game.
 E = Experience gained in this place as a percentage of experience gained in the entire game.
 F = Experience gained in this place divided by the number of levels of this place that you have seen.
                   A       B       C       D       E      F
               +-------+-------+-------+-------+-------+----------------------
         Total | 100.0 | 100.0 |  -nan |  -nan | 100.0 | 146.5
       Dungeon | 100.0 | 100.0 |  -nan |  -nan | 100.0 | 146.5
               +-------+-------+-------+-------+-------+----------------------
